 Dungeon Crawl Stone Soup version 0.23.2-30-g0e89c35649 (webtiles) character file.

Game seed: 5210454891247215031

450 MalarOregon the Digger (level 7, 0/57 HPs)
             Began as a Ghoul Earth Elementalist on June 7, 2019.
             Slain by a hippogriff (5 damage)
             ... on level 4 of the Dungeon.
             The game lasted 00:10:59 (4319 turns).

MalarOregon the Digger (Ghoul Earth Elementalist)   Turns: 4319, Time: 00:10:59

Health: 0/57       AC:  5    Str: 12    XL:     7   Next: 4%
Magic:  10/10      EV: 13    Int: 12    God:
Gold:   121        SH:  0    Dex:  9    Spells: 6/12 levels left

rFire    . . .     SeeInvis .   (no weapon)
rCold    + . .     Gourm    .   (no shield)
rNeg     + + +     Faith    .   c - +0 robe
rPois    ∞         Spirit   .   t - +0 hat
rElec    .         Reflect  .   p - +0 cloak
rCorr    .         Harm     .   q - +1 pair of gloves
MR       .....                  (no boots)
Stlth    ++........             (no amulet)
HPRegen  0.00/turn              (no ring)
MPRegen  0.12/turn              (no ring)

@: rotting
A: rotting body, claws 1, carnivore, cold resistance 1, negative energy
resistance 3, inhibited regeneration, torment resistance, unbreathing
a: no special abilities


You were on level 4 of the Dungeon.
You were not hungry.

You visited 1 branch of the dungeon, and saw 4 of its levels.

You collected 121 gold pieces.

Inventory:

Missiles
 b - 199 stones (quivered)
 x - a throwing net {!f}
Armour
 c - a +0 robe (worn)
 p - a +0 cloak (worn)
   (You found it on level 2 of the Dungeon)
 q - a +1 pair of gloves (worn)
   (You found it on level 2 of the Dungeon)
 t - a +0 hat (worn)
   (You found it on level 3 of the Dungeon)
Scrolls
 f - 3 scrolls of identify {@r1}
 g - a scroll of amnesia
 h - 6 scrolls of enchant weapon
 l - 3 scrolls of remove curse {@r2}
 n - 3 scrolls of teleportation {@r4}
Potions
 a - a potion of curing {@q1}
 j - a potion of brilliance {unknown}
 k - a potion of invisibility {unknown}
 o - a potion of resistance {unknown}
 z - a potion of agility {unknown}
Comestibles
 e - a ration {!d}


   Skills:
 * Level 3.1 Fighting
 * Level 3.1 Dodging
 + Level 3.4 Stealth
 * Level 3.0 Spellcasting
 + Level 1.2 Conjurations
 + Level 1.9 Transmutations
 * Level 4.6 Earth Magic


You had 6 spell levels left.
You knew the following spells:

 Your Spells              Type           Power        Failure   Level  Hunger
a - Sandblast             Erth           ##....       3%          1    #......
q - Passwall              Tmut/Erth      #.......     10%         2    ###....
x - Stone Arrow           Conj/Erth      #.....       22%         3    ###....

Your spell library contained the following spells:

 Spells                   Type           Power        Failure   Level  Hunger
 Petrify                  Tmut/Erth      #.......     54%         4    #####..
 Lee's Rapid Deconstruct  Erth           ##........   71%         5    ######.
 Airstrike                Air            #.........   94%         4    #####..
 Conjure Ball Lightning   Conj/Air       #.........   100%        6    #######
 Deflect Missiles         Chrm/Air       #.........   100%        6    #######


Dungeon Overview and Level Annotations

Branches:
Dungeon (4/15)
 Temple: D:4-7

Altars:
Cheibriados
Qazlal
Trog
Vehumet
Yredelemnul


Innate Abilities, Weirdness & Mutations

Your body is rotting away.
You thrive on raw meat.
You are immune to poison.
You have sharp fingernails.
You are carnivorous and can eat meat at any time.
Your flesh is cold resistant. (rC+)
You are immune to negative energy. (rN+++)
You do not regenerate when monsters are visible.
You are immune to unholy pain and torment.
You can survive without breathing.


Message History

The hippogriff claws you.
* * * LOW HITPOINT WARNING * * *
There is a stone staircase leading down here.
Your magical contamination has completely faded away.
Aim: a hippogriff (heavily wounded)
The stone arrow hits the hippogriff.
Aim: a hippogriff (heavily wounded)
The stone arrow hits the hippogriff!
The hippogriff bites you.
* * * LOW HITPOINT WARNING * * *
The hippogriff pecks you.
* * * LOW HITPOINT WARNING * * *
The hippogriff closely misses you. The hippogriff misses you.
The hippogriff pecks you.
* * * LOW HITPOINT WARNING * * *
The hippogriff closely misses you.
Aim: a hippogriff (severely wounded)
You miscast Stone Arrow.
You are very lightly contaminated with residual magic.
You are momentarily dazzled by a flash of light!
The hippogriff bites you.
* * * LOW HITPOINT WARNING * * *
The hippogriff barely misses you. The hippogriff misses you.
Your magical contamination has completely faded away.
Aim: a hippogriff (heavily wounded)
The stone arrow hits the hippogriff.
Aim: a hippogriff (heavily wounded)
You miscast Stone Arrow.
You are very lightly contaminated with residual magic.
Sand pours from your hands.
Your magical contamination has completely faded away.
The hippogriff bites you.
* * * LOW HITPOINT WARNING * * *
The hippogriff barely misses you. The hippogriff claws you.
* * * LOW HITPOINT WARNING * * *
There is a stone staircase leading up here.
There is a stone staircase leading up here.
Okay, then.
You feel better. The hippogriff bites you.
* * * LOW HITPOINT WARNING * * *
The hippogriff pecks you but does no damage.
The hippogriff claws you.
* * * LOW HITPOINT WARNING * * *
You feel better. The hippogriff closely misses you. The hippogriff pecks you.
* * * LOW HITPOINT WARNING * * *
The hippogriff claws you!
* * * LOW HITPOINT WARNING * * *
You feel better. The hippogriff misses you. The hippogriff pecks you.
* * * LOW HITPOINT WARNING * * *
The hippogriff claws you.
You die...

....)....#.#............#
#.#
.........#.############.###
#.# .........#.#
#.....#...# #.#
.........#.# #.........#
#.# .........#.#
#####.########.##
......)..#.# #...........#
#######..#.# #..##########
## ##.#.##########..# .#
#.#.#....@H.....# '####
#.#.#.#######...# ....##
#.#.#.# #...#
.....###...#.# #...#
......###..#.# #...#
.......##.>#.# #...#
........##.#.# #...#
........ #.#.# #...#
........ #.#.# #...#


You could see a hippogriff.

Vanquished Creatures
  2 ogres (D:4)
  3 hounds (D:4)
  An iguana (D:4)
  A worker ant (D:4)
  6 adders
  2 oozes (D:4)
  2 worms (D:2)
  4 leopard geckos
  2 orcs
  3 bats
  2 giant cockroaches (D:2)
  9 goblins
  9 hobgoblins
  6 jackals
  2 quokkas (D:4)
  2 ball pythons
  4 frilled lizards
  6 kobolds
  A quokka skeleton (D:2)
  6 rats
73 creatures vanquished.

Notes
Turn   | Place    | Note
-------+----------+-------------------------------------------
     0 | D:1      | MalarOregon the Ghoul Earth Elementalist began the quest
                  | for the Orb.
     0 | D:1      | Reached XP level 1. HP: 14/14 MP: 2/2
   456 | D:1      | Reached XP level 2. HP: 10/22 MP: 0/3
  1012 | D:1      | Reached skill level 1 in Fighting
  1012 | D:1      | Reached XP level 3. HP: 17/28 MP: 0/5
  1016 | D:1      | Learned a level 2 spell: Passwall
  1020 | D:1      | Learned a level 3 spell: Stone Arrow
  1745 | D:2      | Reached skill level 1 in Transmutations
  1813 | D:2      | Found a radiant altar of Vehumet.
  1825 | D:2      | Reached XP level 4. HP: 35/35 MP: 6/6
  2709 | D:3      | Found a bloodstained altar of Trog.
  2934 | D:3      | Reached skill level 4 in Earth Magic
  2934 | D:3      | Reached XP level 5. HP: 28/41 MP: 7/7
  3447 | D:4      | Reached XP level 6. HP: 45/50 MP: 3/9
  3450 | D:4      | Reached skill level 1 in Conjurations
  3584 | D:4      | Found a snail-covered altar of Cheibriados.
  3621 | D:4      | Found a stormy altar of Qazlal.
  3625 | D:4      | Found a basalt altar of Yredelemnul.
  3662 | D:4      | Identified the Grimoire of Fatigue
  3951 | D:4      | Reached XP level 7. HP: 48/57 MP: 5/10
  3971 | D:4      | Noticed a hippogriff
  4318 | D:4      | HP: 1/57 [hippogriff (7)]
  4319 | D:4      | Slain by a hippogriff

Skill      XL: |  1  2  3  4  5  6 |
---------------+-------------------+-----
Dodging        | 2 3 |  3.1
Spellcasting   | 2 3 |  3.0
Fighting       | 1 2 3 |  3.1
Transmutations | 1 |  1.9
Earth Magic    | 4 |  4.6
Stealth        | 3 |  3.4
Conjurations   | 1 |  1.2

Action                   |  1- 3 |  4- 6 |  7- 9 || total
-------------------------+-------+-------+-------++-------
Melee: Unarmed           |   142 |   316 |       ||   458
 Cast: Sandblast         |    26 |    60 |     2 ||    88
       Stone Arrow       |       |     2 |     5 ||     7
  Use: Scroll            |       |    13 |       ||    13
       Potion            |       |       |     3 ||     3
 Stab: Sleeping          |     1 |     2 |       ||     3
  Eat: Chunk             |    14 |    29 |     1 ||    44
       Ration            |     1 |     2 |       ||     3
Armor: Robe              |    56 |    81 |     5 ||   142
Dodge: Dodged            |   142 |   259 |    14 ||   415
